 Dungeon Crawl Stone Soup version 0.21.1-1-g345015f (webtiles) character file.

1948 mikered the Carver (level 8, -1/87 HPs)
             Began as a Demonspawn Berserker on Apr 22, 2018.
             Was a Priest of Trog.
             Slain by a killer bee (6 damage)
             ... on level 7 of the Dungeon.
             The game lasted 00:35:04 (4408 turns).

mikered the Carver (Demonspawn Berserker)           Turns: 4408, Time: 00:35:04

Health: -1/87      AC: 24    Str: 18    XL:     8   Next: 98%
Magic:  8/8        EV:  2    Int: 10    God:    Trog [***...]
Gold:   262        SH:  0    Dex: 15    Spells: 7/7 levels left

rFire    + . .     SeeInvis .   a - +1 falchion
rCold    . . .     Gourm    .   (no shield)
rNeg     + + +     Faith    .   (armour currently unavailable)
rPois    +         Spirit   .   (helmet currently unavailable)
rElec    .         Reflect  .   (cloak currently unavailable)
rCorr    .         Harm     .   (gloves currently unavailable)
MR       +....     NoTele   +   (boots currently unavailable)
Stlth    +.........             (no amulet)
HPRegen  0.24/turn              o - ring of protection from magic
MPRegen  0.11/turn              s - ring of protection from fire

@: lethally poisoned (-1 -> -13), tree-form, berserk cooldown, slowed, very slow
A: clever 1, rot immunity
a: Berserk, Trog's Hand, Burn Spellbooks, Renounce Religion


You were on level 7 of the Dungeon.
You worshipped Trog.
Trog was most pleased with you.
You were very hungry.
You were a tree.
You visited 2 branches of the dungeon, and saw 9 of its levels.

You collected 262 gold pieces.

Inventory:

Hand Weapons
 a - a +1 falchion (weapon)
 i - a +0 trident
 k - a +2 shortbow of velocity
Missiles
 m - 49 arrows (quivered)
Armour
 e - a +0 scale mail (melded)
 n - a +0 helmet (melded)
 p - a +0 pair of boots (melded)
Jewellery
 o - a ring of protection from magic (left branch)
 s - a ring of protection from fire (right branch)
Wands
 h - a wand of paralysis (9)
Scrolls
 j - 5 scrolls of remove curse
Potions
 d - 2 potions of lignification
 g - a potion of berserk rage
Comestibles
 c - 11 rations


   Skills:
 - Level 3.1 Fighting
 - Level 8.2 Long Blades
 + Level 3.8 Bows
 - Level 5.0 Armour
 - Level 4.0 Dodging


You had 7 spell levels left.
You didn't know any spells.

Dungeon Overview and Level Annotations

Branches:
Dungeon (8/15)             Temple (1/1) D:6
   Lair: D:8-11

Altars:
Ashenzari
Cheibriados
Dithmenos
Elyvilon
Gozag
Hepliaklqana
Kikubaaqudgha
Makhleb
Nemelex Xobeh
Okawaru
Qazlal
Ru
Sif Muna
Trog
Uskayaw
Vehumet
Wu Jian
Xom
Yredelemnul
Zin
The Shining One

Shops:
D:7 :

Annotations:
D:7 emiel's ghost, novice GnEE


Innate Abilities, Weirdness & Mutations

((You have large cloven feet.))
((You are partially covered in yellow scales. (AC +2)))
You are immune to rotting.
Your mind is acute. (Int +2)
((You are occasionally teleported next to monsters.))


Message History

The killer bee stings you but does no damage. x2
The killer bee completely misses you.
The killer bee stings you but does no damage. x3
There are monsters nearby!
There are monsters nearby!
You feel sick.
The killer bee stings you but does no damage. x5
The killer bee stings you.
* * * LOW HITPOINT WARNING * * *
You are more poisoned.
The killer bee poisons you!
You feel sick.
The killer bee stings you but does no damage.
The killer bee barely misses you. The killer bee stings you.
* * * LOW HITPOINT WARNING * * *
The killer bee stings you.
* * * LOW HITPOINT WARNING * * *
You are more poisoned.
The killer bee poisons you! The killer bee stings you.
You die...

#.<..............#
#...............##
##.............##
###...........##
#............##
....######..)###
..### ##.## #
##.oy### #..oZy♣#
##.o{##y.#
##.[)####....
##....# ..##..
#.....# ..#
##.o..[# .##
##......# ..
#####.......# ..
##.##.......##


You could see 3 killer bees, 3 orcs and a bullfrog skeleton.

Vanquished Creatures
  The ghost of azzavlup the Covert, a novice VSBe of Trog (D:6)
  A water moccasin (D:5)
  An orc warrior (D:6)
  A sky beast (D:6)
  2 centaurs
  A bullfrog (D:6)
  A scorpion (D:8)
  3 killer bees (D:7)
  3 howler monkeys
  5 crimson imps
  3 hounds
  An orc wizard (D:7)
  An orc priest (D:6)
  2 jellies
  A centaur skeleton (D:5)
  2 iguanas
  3 worker ants
  A hound zombie (D:5)
  A hound skeleton (D:4)
  A worker ant zombie (D:5)
  Robin (D:4)
  A howler monkey skeleton (D:5)
  8 adders
  A shadow imp (D:5)
  An ooze (D:4)
  An adder skeleton (D:4)
  A worm (D:2)
  A dart slug (D:2)
  8 orcs
  3 giant cockroaches
  10 goblins
  13 hobgoblins
  A quokka (D:2)
  A ball python zombie (D:6)
  4 bats
  4 frilled lizards
  A jackal skeleton (D:4)
  3 kobolds (D:1)
  2 quokka skeletons
  12 rats
112 creatures vanquished.

Notes
Turn   | Place    | Note
-------+----------+-------------------------------------------
     0 | D:1      | mikered the Demonspawn Berserker began the quest for the Orb.
     0 | D:1      | Reached XP level 1. HP: 18/18 MP: 1/1
   136 | D:1      | Gained mutation: You are partially covered in yellow scales. (AC +2) [demonic ancestry]
   136 | D:1      | Reached XP level 2. HP: 15/24 MP: 2/2
   662 | D:2      | Reached XP level 3. HP: 26/29 MP: 3/3
   710 | D:2      | Reached ** piety under Trog
  1068 | D:2      | Gained mutation: You have large cloven feet. [demonic ancestry]
  1068 | D:2      | Reached XP level 4. HP: 35/35 MP: 4/4
  1268 | D:4      | Noticed Robin
  1280 | D:4      | Killed Robin
  1292 | D:4      | Gained mutation: You are immune to rotting. [demonic ancestry]
  1292 | D:4      | Reached XP level 5. HP: 41/41 MP: 5/5
  1447 | D:4      | Reached skill level 5 in Armour
  1563 | D:5      | Entered Level 5 of the Dungeon
  1611 | D:6      | Noticed an orc warrior
  1671 | D:5      | Reached XP level 6. HP: 45/47 MP: 6/6
  1683 | D:6      | Noticed a sky beast
  1704 | D:5      | Reached skill level 3 in Long Blades
  1725 | D:5      | Reached *** piety under Trog
  1790 | D:5      | Noticed a water moccasin
  1809 | D:5      | Killed a water moccasin
  1809 | D:5      | Reached skill level 4 in Long Blades
  2004 | D:5      | Reached XP level 7. HP: 48/52 MP: 7/7
  2096 | D:6      | Reached skill level 5 in Long Blades
  2173 | D:7      | Noticed emiel's ghost (novice GnEE)
  2394 | D:6      | Reached skill level 6 in Long Blades
  2667 | D:6      | Noticed azzavlup's ghost (novice VSBe)
  2870 | D:5      | Gained mutation: You are occasionally teleported next to monsters. [potion of mutation]
  2870 | D:5      | Gained mutation: Your mind is acute. (Int +2) [potion of mutation]
  3482 | D:6      | Found a staircase to the Ecumenical Temple.
  3493 | Temple   | Entered the Ecumenical Temple
  3724 | D:6      | Killed azzavlup's ghost
  3724 | D:6      | Reached skill level 8 in Long Blades
  3724 | D:6      | Reached XP level 8. HP: 41/58 MP: 8/8
  3916 | D:7      | Found Rokh's Book Boutique.
  3938 | D:7      | Reached skill level 1 in Bows
  4408 | D:7      | Slain by a killer bee

Skill      XL: |  1  2  3  4  5  6  7  8 |
---------------+-------------------------+-----
Armour         | 2 3 4 5 |  5.0
Dodging        | 3 4 |  4.0
Long Blades    | 4 8 |  8.2
Bows           | 3 |  3.8
Fighting       | |  3.1

Action                   |  1- 3 |  4- 6 |  7- 9 || total
-------------------------+-------+-------+-------++-------
Melee: Falchion          |   168 |   149 |   260 ||   577
       Kick              |       |    38 |     5 ||    43
 Fire: Shortbow          |       |       |     2 ||     2
Invok: Berserk           |     3 |     2 |     4 ||     9
       Trog's Hand       |       |       |     3 ||     3
       Burn Spellbooks   |       |       |     1 ||     1
Evoke: Wand              |       |       |     2 ||     2
  Use: Scroll            |     2 |     2 |     7 ||    11
       Potion            |       |       |    10 ||    10
  Eat: Chunk             |     4 |     5 |     2 ||    11
       Ration            |       |       |     3 ||     3
Armor: Scale mail        |    92 |    74 |   131 ||   297
       Skin              |       |       |    11 ||    11
Dodge: Dodged            |   115 |   100 |   162 ||   377
       Rpst.: Falchion   |    33 |    33 |    57 ||   123
